[ AOE2 MATCH · #463845547 ]
UnrankedHuns vs Byzantines
Player's team · WIN
[ REPLAY ANALYSIS · EXTRACTED FROM THE RECORDED GAME ]
Feudal
9:05
Castle
24:10
Imperial
44:21
| APM avg | 49.4 |
| APM peak | 83 |
| eAPM avg | 27.2 |
| Villagers / military | 266 / 176 |
Focus
⚔️ 35.1% · 🌾 64.9%
Knight ×63 · Spearman ×61 · Cavalry Archer ×18 · Scout Cavalry ×16 · Skirmisher ×11 · Trebuchet (Packed) ×5
Feudal
9:46
Castle
26:06
Imperial
45:02
| APM avg | 31.4 |
| APM peak | 55 |
| eAPM avg | 24.9 |
| Villagers / military | 210 / 341 |
Focus
⚔️ 47.3% · 🌾 52.7%
Spearman ×167 · Knight ×72 · Skirmisher ×61 · Scorpion ×16 · Scout Cavalry ×9 · Monk ×5
Match map
Initial resources + every placement click. Lines = walls · curves = elevation contours. ◆ gold · ⬟ stone · ● berries · ✦ relic · ◌ wall gap
Your base· Open — unwalled flank
Kim Jong-Deux's base· Open — unwalled flank
Smoothed initial terrain · ◌ = detected wall gap · hover for details
Inputs per minute
— Mingzhou - - Kim Jong-Deux
Build order — Mingzhou
First 150 of 683 actions detected
| 0:01 | Create | Villager (Male) |
| 0:01 | Create | Villager (Male) |
| 0:02 | Create | Villager (Male) |
| 0:13 | Create | Villager (Male) |
| 0:13 | Create | Villager (Male) |
| 1:29 | Create | Villager (Male) |
| 1:29 | Create | Villager (Male) |
| 1:58 | Create | Villager (Male) |
| 1:58 | Create | Villager (Male) |
| 2:05 | Create | Villager (Male) |
| 2:05 | Create | Villager (Male) |
| 2:48 | Create | Villager (Male) |
| 2:48 | Create | Villager (Male) |
| 2:48 | Create | Villager (Male) |
| 3:06 | Build | Lumber Camp |
| 3:44 | Create | Villager (Male) |
| 3:44 | Create | Villager (Male) |
| 3:45 | Create | Villager (Male) |
| 4:15 | Create | Villager (Male) |
| 4:16 | Create | Villager (Male) |
| 4:51 | Create | Villager (Male) |
| 4:51 | Create | Villager (Male) |
| 4:55 | Create | Villager (Male) |
| 4:55 | Create | Villager (Male) |
| 4:58 | Build | Mill |
| 5:55 | Research | Loom |
| 6:55 | Research | Feudal Age |
| 6:55 | Research | Feudal Age |
| 7:27 | Create | Villager (Male) |
| 7:47 | Build | Barracks |
| 8:40 | Create | Villager (Male) |
| 9:05 | Age | Feudal Age |
| 9:08 | Build | Archery Range |
| 9:09 | Create | Villager (Male) |
| 9:10 | Create | Spearman |
| 9:10 | Create | Spearman |
| 9:38 | Create | Villager (Male) |
| 9:42 | Create | Skirmisher |
| 9:42 | Create | Skirmisher |
| 9:55 | Create | Skirmisher |
| 10:02 | Create | Spearman |
| 10:09 | Build | Watch Tower |
| 10:22 | Build | Farm |
| 10:24 | Build | Farm |
| 10:37 | Create | Skirmisher |
| 10:45 | Build | Farm |
| 11:06 | Build | Farm |
| 11:17 | Create | Villager (Male) |
| 11:34 | Create | Villager (Male) |
| 12:07 | Create | Villager (Male) |
| 12:09 | Build | Farm |
| 12:13 | Create | Skirmisher |
| 12:16 | Build | Blacksmith |
| 12:39 | Create | Villager (Male) |
| 12:48 | Create | Skirmisher |
| 12:52 | Create | Spearman |
| 13:04 | Build | Mining Camp |
| 13:18 | Create | Villager (Male) |
| 13:21 | Build | Farm |
| 13:26 | Research | Fletching |
| 13:39 | Create | Villager (Male) |
| 13:40 | Create | Skirmisher |
| 13:58 | Create | Villager (Male) |
| 14:01 | Build | Farm |
| 14:02 | Build | Farm |
| 14:12 | Create | Villager (Male) |
| 14:13 | Create | Skirmisher |
| 14:51 | Create | Villager (Male) |
| 14:52 | Create | Skirmisher |
| 15:11 | Create | Villager (Male) |
| 15:11 | Create | Villager (Male) |
| 15:27 | Build | Watch Tower |
| 15:30 | Create | Villager (Male) |
| 15:33 | Create | Skirmisher |
| 15:34 | Create | Skirmisher |
| 15:55 | Create | Villager (Male) |
| 15:56 | Research | Padded Archer Armor |
| 15:57 | Create | Villager (Male) |
| 15:59 | Build | Mining Camp |
| 16:02 | Build | Farm |
| 16:14 | Create | Villager (Male) |
| 16:16 | Build | Farm |
| 16:18 | Build | Farm |
| 17:02 | Create | Villager (Male) |
| 17:06 | Build | Market |
| 17:33 | Create | Villager (Male) |
| 17:35 | Build | Farm |
| 17:35 | Build | Farm |
| 17:38 | Create | Villager (Male) |
| 18:06 | Create | Villager (Male) |
| 18:08 | Build | Farm |
| 18:09 | Build | Farm |
| 18:10 | Build | Farm |
| 18:32 | Create | Villager (Male) |
| 18:34 | Build | Farm |
| 18:35 | Create | Villager (Male) |
| 18:37 | Build | Farm |
| 19:07 | Build | Farm |
| 20:02 | Create | Villager (Male) |
| 20:03 | Create | Villager (Male) |
| 20:04 | Build | Farm |
| 20:22 | Build | Farm |
| 20:36 | Create | Spearman |
| 21:11 | Create | Spearman |
| 21:18 | Create | Spearman |
| 21:30 | Research | Castle Age |
| 21:30 | Research | Castle Age |
| 21:59 | Create | Villager (Male) |
| 22:35 | Create | Villager (Male) |
| 22:45 | Build | Stable |
| 23:21 | Create | Spearman |
| 23:36 | Build | Lumber Camp |
| 24:10 | Create | Villager (Male) |
| 24:10 | Age | Castle Age |
| 24:13 | Create | Knight |
| 24:14 | Create | Knight |
| 24:29 | Create | Knight |
| 24:34 | Create | Villager (Male) |
| 24:40 | Create | Knight |
| 25:19 | Create | Villager (Male) |
| 25:20 | Create | Knight |
| 25:20 | Create | Knight |
| 25:25 | Research | Scale Barding Armor |
| 25:25 | Research | Scale Barding Armor |
| 25:26 | Create | Villager (Male) |
| 25:46 | Create | Knight |
| 25:48 | Research | Forging |
| 25:49 | Research | Double-Bit Axe |
| 25:49 | Research | Double-Bit Axe |
| 25:50 | Create | Villager (Male) |
| 26:08 | Create | Villager (Male) |
| 26:10 | Build | Farm |
| 26:38 | Research | Chain Barding Armor |
| 26:38 | Research | Chain Barding Armor |
| 26:53 | Create | Villager (Male) |
| 26:54 | Create | Knight |
| 27:24 | Create | Villager (Male) |
| 27:25 | Create | Knight |
| 27:29 | Build | Town Center |
| 27:58 | Create | Villager (Male) |
| 28:00 | Create | Knight |
| 28:01 | Create | Villager (Male) |
| 28:27 | Create | Villager (Male) |
| 28:29 | Create | Knight |
| 29:03 | Create | Villager (Male) |
| 29:05 | Create | Knight |
| 29:08 | Create | Villager (Male) |
| 29:26 | Create | Cavalry Archer |
| 29:26 | Create | Cavalry Archer |
| 29:26 | Create | Cavalry Archer |
Build order — Kim Jong-Deux
First 150 of 752 actions detected
| 0:01 | Create | Villager (Male) |
| 0:02 | Build | House |
| 0:04 | Build | House |
| 0:15 | Create | Villager (Male) |
| 0:15 | Create | Villager (Male) |
| 0:16 | Create | Villager (Male) |
| 0:16 | Create | Villager (Male) |
| 1:26 | Create | Villager (Male) |
| 1:48 | Build | Lumber Camp |
| 2:03 | Create | Villager (Male) |
| 2:25 | Create | Villager (Male) |
| 2:25 | Create | Villager (Male) |
| 2:51 | Create | Villager (Male) |
| 3:06 | Create | Villager (Male) |
| 3:06 | Create | Villager (Male) |
| 3:15 | Build | House |
| 3:50 | Create | Villager (Male) |
| 3:51 | Create | Villager (Male) |
| 3:51 | Create | Villager (Male) |
| 4:31 | Build | Mill |
| 4:41 | Create | Villager (Male) |
| 4:42 | Create | Villager (Male) |
| 4:56 | Create | Villager (Male) |
| 5:30 | Create | Villager (Male) |
| 6:04 | Build | House |
| 6:09 | Create | Villager (Male) |
| 6:32 | Build | House |
| 6:38 | Create | Villager (Male) |
| 7:04 | Create | Villager (Male) |
| 7:19 | Build | Palisade Wall |
| 7:23 | Build | Palisade Wall |
| 7:29 | Research | Feudal Age |
| 7:31 | Research | Loom |
| 8:33 | Build | Mill |
| 8:54 | Build | Palisade Wall |
| 9:35 | Build | Palisade Wall |
| 9:44 | Build | Barracks |
| 9:46 | Age | Feudal Age |
| 9:49 | Create | Villager (Male) |
| 9:58 | Build | Palisade Wall |
| 9:59 | Build | Palisade Wall |
| 10:28 | Create | Villager (Male) |
| 10:35 | Build | Palisade Wall |
| 10:39 | Create | Spearman |
| 10:41 | Create | Villager (Male) |
| 10:56 | Build | Watch Tower |
| 11:07 | Create | Spearman |
| 11:09 | Create | Villager (Male) |
| 11:13 | Build | Mining Camp |
| 11:32 | Create | Villager (Male) |
| 11:57 | Create | Spearman |
| 12:05 | Create | Spearman |
| 12:13 | Create | Villager (Male) |
| 12:14 | Create | Villager (Male) |
| 12:24 | Build | House |
| 12:32 | Create | Villager (Male) |
| 12:35 | Build | Palisade Wall |
| 12:42 | Build | House |
| 12:52 | Build | Watch Tower |
| 12:55 | Build | Palisade Wall |
| 12:57 | Build | Palisade Wall |
| 13:00 | Build | Palisade Wall |
| 13:03 | Build | Palisade Wall |
| 13:05 | Build | Palisade Wall |
| 13:08 | Create | Villager (Male) |
| 13:42 | Create | Villager (Male) |
| 13:47 | Build | Lumber Camp |
| 14:07 | Create | Villager (Male) |
| 14:19 | Build | Palisade Wall |
| 14:23 | Build | Palisade Wall |
| 14:28 | Build | Palisade Wall |
| 14:29 | Build | Palisade Wall |
| 14:30 | Build | Palisade Wall |
| 14:48 | Create | Villager (Male) |
| 14:52 | Build | Farm |
| 14:54 | Build | Farm |
| 14:55 | Build | Farm |
| 14:56 | Build | Farm |
| 14:57 | Build | Farm |
| 14:59 | Create | Villager (Male) |
| 15:20 | Build | Farm |
| 15:33 | Build | Watch Tower |
| 15:41 | Build | Farm |
| 15:58 | Build | Market |
| 16:15 | Create | Villager (Male) |
| 16:24 | Build | House |
| 16:32 | Create | Villager (Male) |
| 16:48 | Create | Villager (Male) |
| 16:59 | Build | Mining Camp |
| 17:05 | Create | Spearman |
| 17:07 | Create | Villager (Male) |
| 17:29 | Build | Stable |
| 17:36 | Create | Villager (Male) |
| 17:51 | Create | Spearman |
| 17:52 | Create | Scout Cavalry |
| 17:55 | Build | Farm |
| 18:07 | Research | Wheelbarrow |
| 18:29 | Create | Scout Cavalry |
| 18:35 | Build | House |
| 18:43 | Build | Palisade Wall |
| 18:50 | Build | Palisade Wall |
| 18:55 | Create | Scout Cavalry |
| 19:01 | Create | Villager (Male) |
| 19:16 | Create | Scout Cavalry |
| 19:35 | Create | Scout Cavalry |
| 19:39 | Build | Farm |
| 19:40 | Build | Farm |
| 19:43 | Build | Farm |
| 19:59 | Create | Villager (Male) |
| 20:01 | Create | Villager (Male) |
| 20:11 | Build | Farm |
| 20:14 | Build | Farm |
| 20:30 | Create | Villager (Male) |
| 20:35 | Build | House |
| 20:51 | Create | Spearman |
| 21:07 | Build | Watch Tower |
| 21:13 | Create | Villager (Male) |
| 21:17 | Build | Farm |
| 21:18 | Build | Farm |
| 21:27 | Build | Archery Range |
| 21:29 | Create | Villager (Male) |
| 21:50 | Build | Farm |
| 21:56 | Build | Farm |
| 21:56 | Create | Villager (Male) |
| 22:07 | Create | Scout Cavalry |
| 22:31 | Create | Villager (Male) |
| 22:38 | Build | Farm |
| 22:39 | Build | Farm |
| 22:43 | Create | Scout Cavalry |
| 22:53 | Build | House |
| 23:10 | Build | Farm |
| 23:26 | Research | Castle Age |
| 23:28 | Build | House |
| 23:34 | Create | Scout Cavalry |
| 24:08 | Create | Scout Cavalry |
| 24:25 | Create | Spearman |
| 24:25 | Create | Spearman |
| 24:25 | Create | Spearman |
| 25:17 | Create | Villager (Male) |
| 25:19 | Build | Stable |
| 25:19 | Create | Skirmisher |
| 25:20 | Create | Skirmisher |
| 25:20 | Create | Skirmisher |
| 25:22 | Build | Farm |
| 25:43 | Research | Horse Collar |
| 25:44 | Research | Double-Bit Axe |
| 25:46 | Create | Villager (Male) |
| 25:53 | Build | Blacksmith |
| 25:54 | Create | Skirmisher |
| 25:58 | Create | Spearman |
Match timeline
| 7:19 | Kim Jong-Deux · wall_segment Palisade Wall x1 |
| 7:23 | Kim Jong-Deux · wall_segment Palisade Wall x5 |
| 7:47 | Mingzhou · first_building Barracks |
| 8:54 | Kim Jong-Deux · wall_segment Palisade Wall x3 |
| 9:05 | Mingzhou · age_up feudal |
| 9:08 | Mingzhou · first_building Archery Range |
| 9:35 | Kim Jong-Deux · wall_segment Palisade Wall x1 |
| 9:44 | Kim Jong-Deux · first_building Barracks |
| 9:46 | Kim Jong-Deux · age_up feudal |
| 9:58 | Kim Jong-Deux · wall_segment Palisade Wall x1 |
| 9:59 | Kim Jong-Deux · wall_segment Palisade Wall x1 |
| 10:35 | Kim Jong-Deux · wall_segment Palisade Wall x1 |
| 12:35 | Kim Jong-Deux · wall_segment Palisade Wall x1 |
| 12:55 | Kim Jong-Deux · wall_segment Palisade Wall x1 |
| 12:57 | Kim Jong-Deux · wall_segment Palisade Wall x1 |
| 13:00 | Kim Jong-Deux · wall_segment Palisade Wall x1 |
| 13:03 | Kim Jong-Deux · wall_segment Palisade Wall x1 |
| 13:05 | Kim Jong-Deux · wall_segment Palisade Wall x1 |
| 14:19 | Kim Jong-Deux · wall_segment Palisade Wall x1 |
| 14:23 | Kim Jong-Deux · wall_segment Palisade Wall x3 |
| 14:28 | Kim Jong-Deux · wall_segment Palisade Wall x1 |
| 14:29 | Kim Jong-Deux · wall_segment Palisade Wall x1 |
| 14:30 | Kim Jong-Deux · wall_segment Palisade Wall x1 |
| 17:29 | Kim Jong-Deux · first_building Stable |
| 18:27 | Kim Jong-Deux · first_market_buy 100 food |
| 18:43 | Kim Jong-Deux · wall_segment Palisade Wall x1 |
| 18:50 | Kim Jong-Deux · wall_segment Palisade Wall x1 |
| 21:27 | Kim Jong-Deux · first_building Archery Range |
| 21:29 | Mingzhou · first_market_buy 100 food |
| 22:45 | Mingzhou · first_building Stable |
| 22:56 | Kim Jong-Deux · first_market_sell 100 stone |
| 24:10 | Mingzhou · age_up castle |
| 26:06 | Kim Jong-Deux · age_up castle |
| 27:07 | Kim Jong-Deux · first_building Castle |
| 27:39 | Kim Jong-Deux · first_building Monastery |
| 27:43 | Kim Jong-Deux · wall_segment Palisade Wall x2 |
| 28:15 | Kim Jong-Deux · wall_segment Palisade Wall x1 |
| 30:42 | Kim Jong-Deux · first_building Siege Workshop |
| 33:31 | Mingzhou · first_building Castle |
| 44:21 | Mingzhou · age_up imperial |
| 45:02 | Kim Jong-Deux · age_up imperial |
| 61:41 | Kim Jong-Deux · resign |
[ AI ANALYSIS · 1 CREDIT ]
What really happened in this match?
Wolo.gg analyzes every decision: build order, eco, micro, common mistakes by bracket. Personalized analysis on WhatsApp or Discord in 30 seconds.
Civ guide
Huns
Perfil
Jugador #358539